 Dungeon Crawl Stone Soup version 0.30-a0-883-g5ad918d77d (webtiles) character file.

Game seed: 11829205761473111111

211 Dittersdorf the Covered (level 6, -2/48 HPs)
             Began as a Human Fighter on Mar 15, 2023.
             Slain by an orc
             ... wielding a +0 club
              (3 damage)
             ... on level 4 of the Dungeon.
             The game lasted 00:04:29 (3121 turns).

Dittersdorf the Covered (Human Fighter)             Turns: 3121, Time: 00:04:29

Health: -2/48      AC:  9    Str: 19    XL:     6   Next: 13%
Magic:  15/15      EV:  7    Int:  8    God:
Gold:   123        SH:  5    Dex: 12    Spells: 5/5 levels left

rFire   + . .      SeeInvis .    a - +0 long sword
rCold   . . .      Faith    .    c - +0 buckler
rNeg    . . .      Spirit   .    s - +0 chain mail
rPois   .          Reflect  .    (no helmet)
rElec   .          Rampage  .    z - scarf {shadows}
rCorr   +                        (no gloves)
Will    .....                    (no boots) Stlth
                                 (no amulet)
HPRegen 0.28/turn                y - ring of Autotheism {rF+ MP+9}
MPRegen 0.14/turn                v - ring of resist corrosion

@: no status effects
A: no striking features
a: no special abilities


You were on level 4 of the Dungeon.
You visited 1 branch of the dungeon, and saw 4 of its levels.

You collected 123 gold pieces.

Inventory:

Hand Weapons
 a - a +0 long sword (weapon)
 b - a +2 heavy sling
Missiles
 m - 2 curare-tipped darts (quivered)
 p - 29 stones
Armour
 c - a +0 buckler (worn)
 e - a +1 plate armour
 s - a +0 chain mail (worn)
 z - a scarf of shadows (worn)
Jewellery
 f - a ring of see invisible
 l - a ring of wizardry
 v - a ring of resist corrosion (right hand)
 y - the ring of Autotheism (left hand) {rF+ MP+9}
   (You took it off a hobgoblin on level 3 of the Dungeon)

   [ring of magical power]

   rF:        It protects you from fire.
   MP:        It affects your magic capacity (+9).
Wands
 A - a wand of flame (13)
Scrolls
 k - a scroll of torment {unknown}
 n - a scroll of brand weapon {unknown}
 o - 2 scrolls of teleportation
 r - a scroll of silence {unknown}
 t - a scroll of identify {unknown}
 w - 2 scrolls of enchant armour
 B - a scroll of enchant weapon {unknown}
Potions
 d - a potion of might
 g - a potion of curing {unknown}
 h - 3 potions of heal wounds {unknown}
 i - 2 potions of haste {unknown}
 j - 2 potions of berserk rage {unknown}
 q - a potion of cancellation {unknown}
 u - a potion of magic {unknown}
 x - a potion of attraction {unknown}


   Skills:
 + Level 4.0 Fighting
 + Level 3.4 Long Blades
 + Level 4.1 Armour
 + Level 4.0 Shields


You had 5 spell levels left.
You didn't know any spells.
Your spell library contained the following spells:

 Spells                   Type           Power      Damage    Failure   Level
 Magic Dart               Conj           0%         1d3       99%         1
 Call Imp                 Summ           0%         N/A       100%        2
 Mephitic Cloud           Conj/Pois/Air  0%         N/A       100%        3


Dungeon Overview and Level Annotations

Branches:
Dungeon (4/15)
 Temple: D:4-7

Altars:


Message History

An orc priest comes into view. It is wielding a +0 dagger.
The orc priest shouts!
You slash the kobold!
You kill the kobold!
An orc comes into view. It is wielding a +0 whip.
The orc hits you but does no damage.
You barely miss the orc priest. You block the orc priest's attack.
The orc misses you.
You hit the orc priest but do no damage.
The orc priest hits you but does no damage.
You block the orc's attack.
You hit the orc priest but do no damage.
The orc priest casts a cantrip, but nothing happens.
The orc priest hits you with a +0 flail.
The orc hits you but does no damage.
You closely miss the orc priest.
The orc priest casts a cantrip, but nothing happens.
The orc hits you but does no damage. You block the orc's attack.
You barely miss the orc priest.
The orc priest hits you with a +0 flail.
The orc priest mumbles some strange prayers to Beogh against you.
Beogh smites you! The orc hits you but does no damage. x2
You barely miss the orc priest. You block the orc priest's attack.
The orc hits you but does no damage.
The orc priest looks braver for a moment.
You block the orc's attack. The orc hits you with a +0 short sword.
You closely miss the orc priest.
The orc priest mumbles some strange prayers to Beogh against you.
Pain shoots through your body!
* * * LOW HITPOINT WARNING * * *
The orc barely misses you. The orc closely misses you.
The orc hits you with a +0 short sword.
* * * LOW HITPOINT WARNING * * *
The orc hits you with a +0 short sword.
* * * LOW HITPOINT WARNING * * *
The orc priest invokes the aid of Beogh against you.
Beogh smites you!
* * * LOW HITPOINT WARNING * * *
The orc hits you with a +0 club.
You die...

#####
#...#
##...#
#....#
#...<#
#....#
+....#
##.o.#
#.o@#
#.oo#
#..o#
#...#
#...#
#...#
#...#


You could see 2 orc priests and 3 orcs.

Vanquished Creatures
  A black bear (D:3)
  Ijyb (D:3)
  2 adders (D:3)
  A worm (D:2)
  4 dart slugs
  2 orcs (D:3)
  7 endoplasms
  7 giant cockroaches
  8 hobgoblins
  4 ball pythons
  6 bats
  5 frilled lizards
  5 goblins
  6 kobolds
  8 rats
67 creatures vanquished.

Notes
Turn   | Place    | Note
-------+----------+-------------------------------------------
     0 | D:1      | Dittersdorf the Human Fighter began the quest for the Orb.
     0 | D:1      | Reached XP level 1. HP: 18/18 MP: 1/1
   202 | D:1      | Reached XP level 2. HP: 23/24 MP: 2/2
   654 | D:1      | Reached XP level 3. HP: 29/29 MP: 3/3
  1356 | D:3      | Noticed a black bear
  1743 | D:2      | Reached XP level 4. HP: 34/35 MP: 4/4
  1990 | D:3      | Identified the ring of Autotheism {rF+ MP+9}
  2084 | D:3      | Killed a black bear
  2085 | D:3      | Reached XP level 5. HP: 32/42 MP: 5/5
  2742 | D:3      | Noticed Ijyb
  2762 | D:3      | Killed Ijyb
  2763 | D:3      | Reached XP level 6. HP: 36/48 MP: 6/6
  3121 | D:4      | HP: 1/48 [orc priest/divine providence (8)]
  3121 | D:4      | Slain by an orc

Illustrated notes

Levels and vault maps discovered:
D:1:      dpeg_arrival_rooms_with_view, layout_basic, minmay_tiny_reverse_x
D:2:      wad_lake_hut, layout_loops_cross
D:3:      layout_basic, kennysheep_nub, roderic_filled_cross,
          grunt_decor_one_mirror, minmay_checkerbox, uniq_ijyb
D:4:      layout_gridville, trog_three_pillars_becter, old_standard_altar

Skill      XL: |  1  2  3  4  5 |
---------------+----------------+-----
Long Blades    | 3 |  3.4
Armour         | 4 |  4.1
Fighting       | 4 |  4.0
Shields        | 4 |  4.0

Action                     |  1- 3 |  4- 6 || total
---------------------------+-------+-------++-------
  Melee: Long sword        |   120 |   125 ||   245
  Throw: Dart              |       |     2 ||     2
    Use: Scroll            |       |     2 ||     2
 Armour: Scale mail        |    49 |       ||    49
         Chain mail        |    20 |    70 ||    90
  Dodge: Dodged            |    44 |    43 ||    87
  Block: Buckler           |    25 |    31 ||    56

Table legend: (Time is in decaauts)
 A = Elapsed time spent in this place.
 B = Non-inter-level travel time spent in this place.
 C = Inter-level travel time spent in this place.
 D = Time resting spent in this place.
 E = Time spent auto-exploring this place.
 F = Levels seen in this place.
 G = Mean time per level.
                   A        B        C        D        E       F      G
               +--------+--------+--------+--------+--------+-----+--------+
         Total |   3224 |   3075 |    149 |    181 |   2254 |   4 |  806.0 |
       Dungeon |   3224 |   3075 |    149 |    181 |   2254 |   4 |  806.0 |
               +--------+--------+--------+--------+--------+-----+--------+

Top non-repeatable levels by time:
     D:3: 1294 daAuts
     D:2: 969 daAuts
     D:1: 943 daAuts
     D:4: 17 daAuts
